 Dungeon Crawl Stone Soup version 0.28.0-43-g3370ac3207 (webtiles) character file.

Game seed: 11016444401211734967

290 pkoi the Ruffian (level 5, -2/42 HPs)
             Began as a Demigod Transmuter on Apr 2, 2022.
             Slain by an ice beast (6 damage)
             ... on level 4 of the Dungeon.
             The game lasted 00:08:22 (7214 turns).

pkoi the Ruffian (Demigod Transmuter)               Turns: 7214, Time: 00:08:23

Health: -2/42      AC:  2    Str: 14 (15) XL:     5   Next: 83%
Magic:  0/10       EV: 12    Int: 15      God:
Gold:   123        SH:  0    Dex: 12 (14) Spells: 4/7 levels left

rFire   . . .      SeeInvis .     - Unarmed
rCold   . . .      Faith    .   (no shield)
rNeg    . . .      Spirit   +   a - +0 robe
rPois   .          Reflect  .   (helmet currently unavailable)
rElec   .          Harm     .   (no cloak)
rCorr   .          Rampage  .   (no gloves)
Will    +....                   (boots currently unavailable)
Stlth   +.........              d - amulet of guardian spirit
HPRegen 0.14/turn               h - ring of willpower
MPRegen 0.12/turn               (no ring)

@: appendages
A: horns 2, talons 2, high MP 1, forlorn, divine attributes
a: End Transformation


You were on level 4 of the Dungeon.
You had temporarily grown beastly horns and talons.
You visited 1 branch of the dungeon, and saw 4 of its levels.

You collected 123 gold pieces.

Inventory:

Hand Weapons
 b - a +0 dagger
 m - a +0 rapier
 n - a +0 dagger
Missiles
 f - 2 boomerangs (quivered)
 j - 4 javelins
Armour
 a - a +0 robe (worn)
Jewellery
 d - an amulet of guardian spirit (around neck)
 h - a ring of willpower (left hand)
Wands
 g - a wand of mindburst (20)
Scrolls
 e - 2 scrolls of immolation
 k - a scroll of blinking
Potions
 c - a potion of magic
 i - a potion of lignification
 l - a potion of cancellation {unknown}


   Skills:
 + Level 2.6 Fighting
 - Level 3.0 Dodging
 * Level 4.6 Unarmed Combat
 - Level 1.7 Spellcasting
 + Level 2.5 Transmutations
 + Level 0.2 Evocations


You had 4 spell levels left.
You knew the following spells:

 Your Spells              Type           Power      Damage    Failure   Level
a - Beastly Appendage     Tmut           16%        N/A       9%          1
b - Wereblood             Tmut           8%         N/A       12%         2

Your spell library contained the following spells:

 Spells                   Type           Power      Damage    Failure   Level
 Slow                     Hex            4%         N/A       22%         1
 Spider Form              Tmut/Pois      5%         N/A       38%         3
 Confusing Touch          Hex            1%         N/A       56%         3
 Tukima's Dance           Hex            1%         N/A       56%         3
 Vampiric Draining        Necr           1%         2d6       56%         3
 Ice Form                 Ice/Tmut       5%         N/A       80%         4
 Anguish                  Hex/Necr       0%         N/A       92%         4
 Enfeeble                 Hex            0%         N/A       100%        7


Dungeon Overview and Level Annotations

Branches:
Dungeon (4/15)
 Temple: D:4-7

Shops:
D:1 (   D:3 (


Innate Abilities, Weirdness & Mutations

You have temporarily grown beastly horns and talons.
You have an increased reservoir of magic. (+10% MP)
You shall have no god before yourself.
Your divine heritage dramatically boosts your attributes as you level up.


Message History

Your transformation is almost over.
The goblin hits you with a +0 dagger.
You hit the goblin. Your kick misses the goblin. You punch the goblin.
You kill the goblin!
Things that are here:
a +0 dagger; a goblin corpse Your horns disappear.
Your talons disappear.
HP restored.
Magic restored.
Found a whip.
You now have 119 gold pieces (gained 9).
Found a dagger.
You now have 123 gold pieces (gained 4).
You see here 18 stones.
Key pressed, stopping explore.
An ice beast is nearby!
You throw a boomerang.
The boomerang hits the ice beast but does no damage.
You throw a boomerang.
The boomerang barely misses the ice beast.
The ice beast hits you. The ice beast freezes you!
* * * LOW HITPOINT WARNING * * *
Casting: Beastly Appendage (safe; 9% risk of failure)
Confirm with . or Enter, or press ? or * to list all spells.
You grow a pair of large bovine horns.
Your feet morph into talons.
The ice beast hits you.
* * * LOW HITPOINT WARNING * * *
The ice beast freezes you!
* * * LOW HITPOINT WARNING * * *
You hit the ice beast but do no damage. Your kick misses the ice beast.
Your headbutt misses the ice beast. The ice beast hits you.
* * * LOW HITPOINT WARNING * * *
The ice beast freezes you!
* * * LOW HITPOINT WARNING * * *
You hit the ice beast. Your punch misses the ice beast.
The ice beast is lightly wounded.
The ice beast hits you.
* * * LOW HITPOINT WARNING * * *
The ice beast freezes you!
You die...

......###....####.#........###...
.......#.....# #.#........####..
.............####.#........##...#
........###...#...#...#....##...#
........#.....#...###.......).###
...#.............#####.......## #
(...#......####.## #........#####
#..........####.####...#......#.#
#.........##....@.....##...#^#...
...#.......#.#.Y.##........#.#...
..##.##....#.#.#####.......#.#.#.
..##.......#.#.######......#.#.#.
...#.......#.#...#.##..##..#.#.#.
.......#####.#.........#...#.#.#.
#####..# ...#.............#.#.##
#### ####...............#.##
##................####


You could see an ice beast.

Vanquished Creatures
  A bullfrog zombie (D:4)
  An orc priest (D:3)
  An orc wizard (D:3)
  5 adders
  7 gnolls
  2 worms
  2 dart slugs
  3 orcs
  5 endoplasms
  3 giant cockroaches
  6 goblins
  6 hobgoblins
  7 quokkas
  6 ball pythons
  11 bats
  2 frilled lizards
  6 kobolds
  7 rats
81 creatures vanquished.

Notes
Turn   | Place    | Note
-------+----------+-------------------------------------------
     0 | D:1      | pkoi the Demigod Transmuter began the quest for the Orb.
     0 | D:1      | Reached XP level 1. HP: 15/15 MP: 5/5
    82 | D:1      | Reached skill level 1 in Fighting
   397 | D:1      | Reached skill level 3 in Unarmed Combat
   455 | D:1      | Reached XP level 2. HP: 19/23 MP: 7/7
  1452 | D:1      | Found Qeeblil's Weapon Emporium.
  1534 | D:1      | Reached XP level 3. HP: 28/28 MP: 6/8
  2886 | D:2      | Learned a level 2 spell: Wereblood
  2984 | D:3      | Found Byhudghi's Antique Weapon Emporium.
  3023 | D:2      | Reached XP level 4. HP: 19/36 MP: 4/9
  4141 | D:3      | Reached skill level 4 in Unarmed Combat
  4386 | D:3      | Reached XP level 5. HP: 31/41 MP: 6/10
  4539 | D:2      | HP: 2/41 [gnoll/+0 spear (2)]
  7085 | D:4      | Noticed an ice beast
  7214 | D:4      | Slain by an ice beast

Illustrated notes

Levels and vault maps discovered:
D:1:      shiori_arrival_oz, layout_loops_corners,
          shapermc_ecumenical_altar_petra, serial_shops, nicolae_square_shop
D:2:      layout_loops_cross, small_statue_intersection
D:3:      layout_loops_ring, serial_shops, shop
D:4:      layout_cave_pools, serial_co_window_serial,
          co_window_of_opportunity_a, co_window_paths_a, co_window_corner_a,
          co_window_paths_a, co_window_paths_a, co_window_corner_a,
          co_window_corner_a, co_window_broadway_a, co_window_broadway_b,
          co_window_unsneaky_path_e, co_window_corner_cb, co_window_corner_b,
          co_window_of_opportunity_c, glass_columns_a, glass_columns_a,
          glass_columns_a, glass_columns_c

Skill      XL: |  1  2  3  4  5 |
---------------+----------------+-----
Fighting       | 1 2 |  2.6
Dodging        | 2 3 |  3.0
Unarmed Combat | 3 4 |  4.6
Transmutations | 2 |  2.5
Spellcasting   | |  1.7
Evocations     | |  0.2

Action                   |  1- 3 |  4- 6 || total
-------------------------+-------+-------++-------
Melee: Dagger            |    35 |       ||    35
       Unarmed           |   142 |   123 ||   265
       Punch             |     5 |     3 ||     8
       Kick              |    12 |    21 ||    33
       Headbutt          |    12 |    14 ||    26
Throw: Boomerang         |       |    14 ||    14
       Javelin           |       |     1 ||     1
 Cast: Beastly Appendage |    19 |    18 ||    37
  Use: Potion            |     1 |     3 ||     4
       Scroll            |       |     8 ||     8
 Stab: Sleeping          |     4 |       ||     4
Armor: Robe              |    35 |    23 ||    58
Dodge: Dodged            |   123 |    84 ||   207
